[Event "Deloitte NK 2021 Vrouwen"]
[Site "Hoogeveen, Netherlands"]
[Date "2021.10.19"]
[Round "3.1"]
[White "Ratsma, Rosa"]
[Black "Van Foreest, Machteld"]
[Result "1/2-1/2"]
[TimeControl "90min/40moves + 30min + 30sec/move"]
[WhiteElo "2306"]
[BlackElo "2132"]

1. e4 e6 2. d4 d5 3. Nc3 Nf6 4. Bg5 h6 5. Bxf6 Qxf6 6. exd5 Bb4 7. Bc4 Bxc3+ 8. bxc3 O-O 9. Ne2 exd5 10.
Bxd5 Rd8 11. Bf3 Nd7 12. O-O c6 13. Ng3 Nc5 14. Re1 Na4 15. Ne4 Qg6 16. Qd2 Be6 17. Ng3 Rd7 18. Re4 Rad8 19.
Rae1 Nb6 20. h4 Nd5 21. h5 Qg5 22. Qd3 Nf4 23. Qe3 Nd5 24. Qd3 Nf4 25. Qe3 Nd5 26. Qd3 Nf4 27. Qe3 Nd5 28.
Qd3 1/2-1/2

[Event "Deloitte NK 2021 Vrouwen"]
[Site "Hoogeveen, Netherlands"]
[Date "2021.10.19"]
[Round "3.2"]
[White "Kazarian, Anna-Maja"]
[Black "Roebers, Eline"]
[Result "0-1"]
[TimeControl "90min/40moves + 30min + 30sec/move"]
[WhiteElo "2125"]
[BlackElo "2297"]

1. e4 c5 2. Nc3 Nc6 3. Bb5 Nd4 4. Bc4 g6 5. Nf3 Bg7 6. Nxd4 cxd4 7. Qf3 e6 8. Nb5 Qb6 9. Qf4 Nf6 10.
Nc7+ Kd8 11. Nxa8 Qc6 12. d3 b5 13. e5 Nh5 14. Qxf7 Qxg2 15. Bd2 Bb7 16. O-O-O bxc4 17. Ba5+ Kc8 18.
Nc7 Bxe5 19. Nxe6 Qd5 20. Rhe1 c3 21. Nd8 Qxa5 22. Nxb7 Qb6 23. b3 Bf4+ 24. Kb1 Qxb7 25. Qc4+ Kb8 26.
Qxd4 Rc8 27. Re7 Qa6 28. Qxd7 Nf6 29. Qd4 Bd6 30. Re6 Rc6 31. a4 Nd7 32. Rde1 Qb6 33. Qd5 Kc7 34. R1e4 Qc5 35.
Qd4 Kb7 36. b4 Qxd4 37. Rxd4 Kc7 38. b5 Rb6 39. Rc4+ Kd8 40. h4 Nf8 41. Ree4 a6 42. Rxc3 axb5 43. Rb3 b4 44. c3 Ra6 45.
cxb4 Rxa4 46. Kc2 Nd7 47. b5 Ra1 48. d4 Nb6 49. Rf3 Ra2+ 50. Kd3 Rb2 51. Rf7 Rb3+ 52. Ke2 Nd5 53. Kf1 Rxb5 54.
Rxh7 Nf4 55. Ke1 Rb2 56. d5 Bb4+ 57. Rxb4 Rxb4 58. Kd2 Re4 59. d6 Re6 60. d7 Nh5 61. Kc3 Rd6 62. Kc4 Rxd7 63.
Rxd7+ Kxd7 64. Kd5 Ke7 65. Ke5 Nf6 66. Kf4 Kf7 67. f3 Kg7 68. Ke5 Nd7+ 69. Kd6 Nf8 70. Ke7 Nh7 71. f4 Nf8 72.
Ke8 Ne6 73. Ke7 Nxf4 74. Kd6 Kh6 75.
Ke5 Ng2 76. Ke4 Nxh4 77. Kf4 g5+ 78. Kg4 Kg6 79. Kg3 Kh5 0-1

[Event "Deloitte NK 2021 Vrouwen"]
[Site "Hoogeveen, Netherlands"]
[Date "2021.10.19"]
[Round "3.3"]
[White "Haast, Anne"]
[Black "Keetman, Maaike"]
[Result "1/2-1/2"]
[TimeControl "90min/40moves + 30min + 30sec/move"]
[WhiteElo "2318"]
[BlackElo "2136"]

1. e4 e6 2. d4 d5 3. Nc3 Bb4 4. e5 c5 5. a3 Bxc3+ 6. bxc3 Ne7 7. a4 Qa5 8. Bd2 Nbc6 9. Nf3 Bd7 10.
Bd3 c4 11. Be2 f6 12. O-O O-O-O 13. Bc1 fxe5 14. dxe5 Ng6 15. Qd2 Ngxe5 16. Nxe5 Nxe5 17. Qe3 Nc6 18. Ba3 Qc7 19. Bf3 Qe5 20.
Qd2 g5 21. Rfe1 Qf5 22. Qe2 h5 23. g3 g4 24. Bg2 h4 25. Bd6 Rh7 26. Rad1 Rdh8 27. Bf4 Rh5 28. h3 hxg3 29. fxg3 gxh3 30.
Bf3 h2+ 31. Kh1 R5h7 32. Bg4 Qf6 33. Bxe6 Bxe6 34. Qxe6+ Qxe6 35. Rxe6 Re7 36. Rxe7 Nxe7 37. g4 Ng6 38. Bg3 Rh3 39. Kg2 h1=Q+ 40. Rxh1 Rxh1 41. Kxh1 Kd7 42. Kg2 a5 43. Kf2 b5 44. axb5 a4 45. b6 Ne7 46.
b7 Nc6 47. Bf4 a3 48. Bc1 a2 49. Bb2 Kc7 50. Ke3 Kxb7 51. Ba1 Kc7 52. Kd2 Ne5 53. g5 Nf3+ 54. Kc1 Nxg5 55. Kb2 Nf3 56.
Kxa2 Ne1 57. Kb1 Kd6 1/2-1/2

[Event "Deloitte NK 2021 Vrouwen"]
[Site "Hoogeveen, Netherlands"]
[Date "2021.10.19"]
[Round "3.4"]
[White "Peng, Zhaoqin"]
[Black "Lanchava, Tea"]
[Result "1-0"]
[TimeControl "90min/40moves + 30min + 30sec/move"]
[WhiteElo "2359"]
[BlackElo "2214"]

1. e4 g6 2. d4 Bg7 3. c4 d6 4. Nc3 e5 5. Nf3 Nc6 6. Bg5 f6 7. Be3 Nh6 8. h3 Nf7 9. c5 O-O 10.
cxd6 Nxd6 11. Qb3+ Kh8 12. dxe5 fxe5 13. Rd1 a6 14. Be2 Qe8 15. O-O Be6 16. Qc2 h6 17. Nd5 Qf7 18. Bc5 Rfd8 19.
Nc3 b6 20. Bxd6 cxd6 21. Nd5 Bxd5 22. exd5 Ne7 23. Qc7 b5 24. Bd3 Kg8 25. Be4 Qf6 26. Rc1 Rdc8 27. Qd7 Rd8 28. Qb7 Rdb8 29.
Qc7 Rc8 30. Qb6 Rcb8 31. Qe3 Rb7 32. g3 b4 33. Kg2 Rab8 34. b3 Rb5 35. Rfd1 R8b7 36. h4 Qf7 37. Qd3 Ra5 38. Rd2 Qe8 39.
Rc6 Nxc6 40. dxc6 Re7 41. Qxd6 Bf8 42. Qxb4 Rb5 43. Qc4+ Kg7 44. Rd6 Qf7 45. Rxg6+ Kh8 46. Qc3 Bg7 47.
h5 Rb8 48. Nh4 Qf8 49. Rxh6+ Bxh6 50. Ng6+ Kg7 51. Nxf8 Rxf8 52. c7 Rc8 53. Qc6 1-0